 Dungeon Crawl Stone Soup version 0.21.1-1-g345015f (webtiles) character file.

13516 inmateoo the Fighter (level 12, -19/90 HPs)
             Began as a Human Wanderer on Mar 20, 2018.
             Was an Elder of Hepliaklqana.
             Demolished by a red ugly thing (23 damage)
             ... on level 11 of the Dungeon.
             The game lasted 00:26:59 (15365 turns).

inmateoo the Fighter (Human Wanderer)              Turns: 15365, Time: 00:26:59

Health: -19/90     AC: 16    Str: 17    XL:     12   Next: 33%
Magic:  15/15      EV: 11    Int: 14    God:    Hepliaklqana [****..]
Gold:   478        SH:  0    Dex: 12    Spells: 2/11 levels left

rFire    . . .     SeeInvis .   J - +6 battleaxe "Killer Bee's Curse" {flame, +Inv}
rCold    + . .     Gourm    +   (shield currently unavailable)
rNeg     . . .     Faith    .   b - +0 chain mail
rPois    +         Spirit   .   C - +0 helmet
rElec    .         Reflect  .   G - scarf {cloud immunity}
rCorr    .         Harm     .   x - +2 pair of gloves
MR       .....                  (no boots)
Stlth    ..........             p - amulet of the gourmand
HPRegen  0.25/turn              j - ring of protection from cold
MPRegen  0.14/turn              H - ring of poison resistance

@: studying Fighting
A: reduced essence
a: Recall Ancestor, Ancestor Identity, Transference, Idealise, Renounce
Religion, Evoke Invisibility


You were on level 11 of the Dungeon.
You worshipped Hepliaklqana.
Hepliaklqana was greatly pleased with you.
You were full.

You visited 1 branch of the dungeon, and saw 11 of its levels.
You also visited: Bailey.

You collected 478 gold pieces.

Inventory:

Hand Weapons
 t - a +0 blowgun
 J - the +6 battleaxe "Killer Bee's Curse" (weapon) {flame, +Inv}
   (You acquired it in a bailey)

   It has been specially enchanted to burn those struck by it, causing extra
   injury to most foes and up to half again as much damage against particularly
   susceptible opponents.
   Big, fiery blades are also staple armaments of hydra-hunters.
   It lets you turn invisible.
 L - a +3 executioner's axe of electrocution
Missiles
 u - 11 poisoned needles
Armour
 b - a +0 chain mail (worn)
 x - a +2 pair of gloves (worn)
 C - a +0 helmet (worn)
 G - a scarf of cloud immunity (worn)
Jewellery
 j - a ring of protection from cold (left hand)
 p - an amulet of the gourmand (around neck)
 A - an uncursed ring of fire
 H - a ring of poison resistance (right hand)
Wands
 i - a wand of enslavement (8)
 w - a wand of iceblast (6)
 y - a wand of polymorph (23)
 B - a wand of flame (47)
Scrolls
 c - 2 scrolls of teleportation
 h - a scroll of blinking
 k - a scroll of magic mapping
 o - a scroll of enchant armour
 D - a scroll of remove curse
 M - 2 scrolls of fear
Potions
 d - 6 potions of agility
 e - a potion of brilliance {unknown}
 m - 2 potions of curing {unknown}
 n - 2 potions of degeneration {unknown}
 q - a potion of cancellation {unknown}
 s - 3 potions of flight
 v - 2 potions of lignification
 z - 3 potions of heal wounds
 E - 2 potions of berserk rage {unknown}
 F - a potion of haste
 I - a potion of invisibility
Books
 g - a book of Cantrips

   Spells                             Type                      Level
   a - Confusing Touch                Hexes                        1
   b - Animate Skeleton               Necromancy                   1
   c - Summon Small Mammal            Summoning                    1
   d - Apportation                    Translocation                1
 l - a book of Battle

   Spells                             Type                      Level
   a - Infusion                       Charms                       1
   b - Shroud of Golubria             Charms/Translocation         2
   c - Song of Slaying                Charms                       2
   d - Spectral Weapon                Hexes/Charms                 3
   e - Regeneration                   Charms/Necromancy            3
 r - a book of Callings

   Spells                             Type                      Level
   a - Summon Small Mammal            Summoning                    1
   b - Call Imp                       Summoning                    2
   c - Call Canine Familiar           Summoning                    3
   d - Summon Guardian Golem          Hexes/Summoning              3
   e - Summon Lightning Spire         Summoning/Air                4
   f - Summon Ice Beast               Ice/Summoning                4
 K - a manual of Fighting
Miscellaneous
 a - a lamp of fire
Comestibles
 f - 22 rations


   Skills:
 + Level 11.1 Fighting
   Level 4.2 Short Blades
 - Level 2.0(3.1) Axes
   Level 3.8(4.1) Maces & Flails
 + Level 9.2 Armour
 + Level 9.1 Dodging
 - Level 7.0 Stealth
   Level 4.0 Shields
 + Level 3.7 Invocations
 - Level 4.0 Evocations


You had 2 spell levels left.
You knew the following spells:

 Your Spells              Type           Power        Failure   Level  Hunger
a - Apportation           Tloc           #.....       96%         1    ##.....
b - Animate Skeleton      Necr           N/A          96%         1    ##.....
c - Summon Lightning Spi  Summ/Air       #.......     100%        4    #####..
d - Regeneration          Chrm/Necr      #.........   100%        3    ####...


Dungeon Overview and Level Annotations

Branches:
Dungeon (11/15)            Temple (0/1) D:7            Lair (0/6) D:10
    Orc: D:9-12

Altars:
Dithmenos
Fedhas
Gozag
Hepliaklqana
Makhleb
Okawaru
Qazlal
Ru
Sif Muna
Uskayaw
Vehumet
Wu Jian
Yredelemnul

Shops:
D:5 }


Message History

Rabi hits the red ugly thing with a quarterstaff!
A hound comes into view.
Unknown command.
Your chain mail prevents you from hitting the red ugly thing.
The red ugly thing is moderately wounded.
Rabi closely misses the red ugly thing.
The red ugly thing tail-slaps you.
You are engulfed in flames!
* * * LOW HITPOINT WARNING * * *
The red ugly thing tail-slaps you.
* * * LOW HITPOINT WARNING * * *
You are engulfed in flames!
* * * LOW HITPOINT WARNING * * *
Rabi hits the red ugly thing with a quarterstaff!
Unknown command.
You hit the red ugly thing but do no damage.
The red ugly thing is severely wounded.
The red ugly thing tail-slaps you.
* * * LOW HITPOINT WARNING * * *
You are engulfed in flames!!
You die...

#.....#.#....#..#
#.....#.#....#..#
###.....#.#....#..#####
#.......#.#....#.......
#.......#.####+#.......
######..#..............
#..#..............
########..##[............
#......u@..#.............
#######R...#.............
#....#.............
#....#...##########
#.h..##### #..... #......
.......#


You could see the friendly Rabi the battlemage, a red ugly thing and a hound.

Vanquished Creatures
  A two-headed ogre (D:10)
  Pikel (D:5)
  A gargoyle (D:10)
  A troll (D:10)
  The ghost of Mesmaeker13 the Skirmisher, an amateur DgWn (D:4)
  2 hippogriffs
  2 wraiths
  2 wyverns
  Edmund (D:5)
  A porcupine (D:10)
  A sky beast (D:6)
  2 black bears (D:10)
  2 orc warriors (Bailey)
  A slave (D:5)
  4 ice beasts
  A phantom (D:8)
  2 ogres
  A centaur (D:5)
  A big kobold (D:9)
  2 crocodiles (D:10)
  7 bullfrogs
  7 killer bees
  4 scorpions
  4 wights (D:9)
  A howler monkey (D:10)
  3 crimson imps
  A bullfrog zombie (D:6)
  A jelly (D:10)
  3 orc priests
  Crazy Yiuf (D:3)
  A hound (D:9)
  2 orc wizards
  A human skeleton (D:9)
  2 bullfrog skeletons
  6 human zombies (D:9)
  An iguana (D:8)
  7 worker ants
  An ogre skeleton (D:9)
  2 worker ant zombies
  A howler monkey skeleton (D:5)
  4 gnolls
  13 adders
  2 shadow imps
  3 oozes
  An adder skeleton (D:9)
  A dart slug (D:2)
  3 leopard geckos
  34 orcs
  9 bats
  5 giant cockroaches
  5 goblins
  8 hobgoblins
  10 jackals
  4 quokkas
  4 ball pythons
  5 frilled lizards
  10 kobolds
  A leopard gecko zombie (D:5)
  A quokka skeleton (D:7)
  7 rats
  A spectral orc (D:7)
  A fungus (D:10)
218 creatures vanquished.

Vanquished Creatures (collateral kills)
  2 two-headed ogres
  The ghost of buskinjo the Summoner, a novice TeSu of Sif Muna (D:9)
  An unseen horror (D:9)
  An orc knight (Bailey)
  A centaur skeleton (D:10)
  A komodo dragon (D:10)
  A hornet (D:7)
  A troll (D:10)
  Grinder (D:5)
  A wyvern (D:10)
  A golden eye (Bailey)
  A porcupine (D:10)
  3 sky beasts
  10 orc warriors
  2 black bears
  An ogre (D:10)
  A phantom (D:10)
  Blork the orc (D:5)
  A bullfrog (D:9)
  A gnoll sergeant (D:8)
  3 scorpions
  5 killer bees
  A crimson imp (D:7)
  4 hounds
  A human zombie (D:9)
  4 orc wizards
  A quasit (D:5)
  An orc priest (D:8)
  3 gnolls (D:8)
  2 howler monkey skeletons
  4 adders
  3 leopard geckos
  15 orcs
  2 giant cockroaches
  A goblin (D:2)
  A jackal (D:3)
  2 bats
  A frilled lizard (D:2)
  5 kobolds
  An orc zombie (D:9)
93 creatures vanquished.

Vanquished Creatures (others)
  A slave (D:5)
  7 battlemagi
  8 ancestors
  40 fungi (D:10)
  15 plants (D:10)
71 creatures vanquished.

Grand Total: 382 creatures vanquished

Notes
Turn   | Place    | Note
-------+----------+-------------------------------------------
     0 | D:1      | inmateoo the Human Wanderer began the quest for the Orb.
     0 | D:1      | inmateoo set off with: a lamp of fire, a +0 mace, a +0 hand axe, a +0 robe, a ration
     0 | D:1      | Reached XP level 1. HP: 19/19 MP: 1/1
    86 | D:1      | Reached XP level 2. HP: 10/26 MP: 2/2
  1034 | D:1      | Reached XP level 3. HP: 32/32 MP: 3/3
  1234 | D:2      | Found a blossoming altar of Fedhas.
  1234 | D:2      | Found a deep blue altar of Sif Muna.
  1234 | D:2      | Found a hide-covered altar of Uskayaw.
  1235 | D:2      | Found a hazy altar of Hepliaklqana.
  1254 | D:2      | Became a worshipper of Hepliaklqana the Forgotten
  1602 | D:2      | Reached skill level 5 in Fighting
  1917 | D:2      | Found an ornate altar of the Wu Jian Council.
  1960 | D:2      | Reached skill level 1 in Maces & Flails
  1979 | D:2      | Reached XP level 4. HP: 9/35 MP: 4/4
  2394 | D:2      | Found a shadowy altar of Dithmenos.
  2531 | D:2      | Found an opulent altar of Gozag.
  3270 | D:3      | Reached XP level 5. HP: 39/39 MP: 5/5
  3345 | D:3      | Reached * piety under Hepliaklqana
  3571 | D:3      | Reached skill level 1 in Short Blades
  4066 | D:3      | Found a runed door.
  4133 | D:3      | Reached skill level 1 in Stealth
  4500 | D:3      | Noticed Crazy Yiuf
  4526 | D:3      | Killed Crazy Yiuf
  4526 | D:3      | Reached XP level 6. HP: 45/45 MP: 6/6
  4745 | D:4      | Found an iron altar of Okawaru.
  4850 | D:4      | Noticed Mesmaeker13's ghost (amateur DgWn)
  5085 | D:4      | Killed Mesmaeker13's ghost
  5085 | D:4      | Reached XP level 7. HP: 47/51 MP: 7/7
  5191 | D:4      | Reached skill level 6 in Fighting
  5564 | D:5      | Entered Level 5 of the Dungeon
  5611 | D:5      | Reached XP level 8. HP: 57/57 MP: 8/8
  5613 | D:5      | Noticed Blork the orc
  5621 | D:5      | Killed Blork the orc
  5634 | D:5      | Noticed Grinder
  5661 | D:5      | Paralysed by Grinder for 3 turns
  5974 | D:5      | Noticed Pikel
  6000 | D:5      | Killed Pikel
  6023 | D:5      | Paralysed by Grinder for 7 turns
  6037 | D:5      | Reached skill level 1 in Dodging
  6351 | D:5      | Noticed Edmund
  6366 | D:5      | Killed Edmund
  6366 | D:5      | Reached XP level 9. HP: 31/62 MP: 9/9
  6528 | D:5      | Found Gaes's Gadget Shop.
  6579 | D:5      | Killed Grinder
  7208 | D:6      | Reached ** piety under Hepliaklqana
  7209 | D:6      | Remembered your ancestor Rabi as a battlemage
  7874 | D:7      | Found a staircase to the Ecumenical Temple.
  7908 | D:7      | Noticed a hippogriff
  7936 | D:7      | Killed a hippogriff
  8116 | D:7      | Reached XP level 10. HP: 69/69 MP: 10/10
  8189 | D:7      | Found a basalt altar of Yredelemnul.
  8297 | D:7      | Reached skill level 7 in Fighting
  8297 | D:7      | Reached skill level 5 in Armour
  8427 | D:7      | Reached skill level 5 in Dodging
  8918 | D:8      | Found a flagged portal.
  8943 | Bailey   | Entered a bailey
 10262 | Bailey   | Noticed an orc knight
 10291 | Bailey   | Killed an orc knight
 10291 | Bailey   | Reached skill level 8 in Fighting
 10532 | Bailey   | Identified a scroll of acquirement
 10535 | Bailey   | Got an ichor-stained battleaxe
 10552 | Bailey   | Identified the +6 battleaxe "Killer Bee's Curse" {flame, +Inv} (You acquired it in a bailey)
 10602 | D:8      | Learned a level 1 spell: Apportation
 10604 | D:8      | Learned a level 1 spell: Animate Skeleton
 10609 | D:8      | Learned a level 4 spell: Summon Lightning Spire
 10653 | D:8      | Reached *** piety under Hepliaklqana
 10728 | D:8      | Found a burning altar of Makhleb.
 10759 | D:8      | Found a sacrificial altar of Ru.
 10986 | D:8      | Noticed a two-headed ogre
 10991 | D:8      | Killed a two-headed ogre
 10991 | D:8      | Reached skill level 9 in Fighting
 10991 | D:8      | Reached XP level 11. HP: 60/80 MP: 10/12
 11819 | D:9      | Found a radiant altar of Vehumet.
 11842 | D:9      | Killed an unseen horror
 12075 | D:9      | Noticed buskinjo's ghost (novice TeSu)
 12403 | D:9      | Found a stormy altar of Qazlal.
 12509 | D:9      | Learned a level 3 spell: Regeneration
 12632 | D:9      | Reached skill level 10 in Fighting
 12732 | D:9      | Killed buskinjo's ghost
 13321 | D:9      | Found a basalt altar of Yredelemnul.
 13430 | D:10     | Entered Level 10 of the Dungeon
 13431 | D:10     | Reached **** piety under Hepliaklqana
 13573 | D:10     | Noticed a two-headed ogre
 14029 | D:10     | Reached skill level 1 in Invocations
 14033 | D:10     | Noticed a two-headed ogre
 14050 | D:10     | Killed a two-headed ogre
 14050 | D:10     | Reached XP level 12. HP: 51/88 MP: 15/15
 14196 | D:10     | Found a staircase to the Lair.
 14805 | D:10     | Noticed a two-headed ogre
 14809 | D:10     | Killed a two-headed ogre
 14809 | D:10     | Reached skill level 11 in Fighting
 15365 | D:11     | HP: 4/90 [red ugly thing (1)]
 15365 | D:11     | Demolished by a red ugly thing

Skill      XL: |  1  2  3  4  5  6  7  8  9 10 11 12 |
---------------+-------------------------------------+-----
Fighting       | 5 6 9 10 11 | 11.1
Maces & Flails | 1 2 3 |  3.8
Short Blades   | 1 2 4 |  4.2
Stealth        | 1 2 3 7 |  7.0
Dodging        | 1 4 6 8 9 |  9.1
Shields        | 2 4 |  4.0
Armour         | 4 7 8 9 |  9.2
Evocations     | 4 |  4.0
Invocations    | 1 3 |  3.7
Axes           | |  2.0

Action                   |  1- 3 |  4- 6 |  7- 9 | 10-12 || total
-------------------------+-------+-------+-------+-------++-------
Melee: Mace              |    98 |    41 |       |       ||   139
       Dagger            |       |   117 |   232 |    69 ||   418
       Whip              |       |       |    16 |       ||    16
       Battleaxe         |       |       |       |   255 ||   255
 Fire: Blowgun           |       |     6 |       |    43 ||    49
Invok: Recall Ancestor   |       |       |     4 |       ||     4
       Ancestor Life: Ba |       |       |     1 |       ||     1
 Abil: Evoke Invisibilit |       |       |       |     1 ||     1
Evoke: Wand              |       |       |       |    12 ||    12
       Lamp of fire      |       |       |       |     1 ||     1
  Use: Scroll            |       |       |    11 |     8 ||    19
       Potion            |       |       |       |     1 ||     1
 Stab: Sleeping          |       |     1 |     8 |    13 ||    22
       Distracted        |       |       |     1 |     2 ||     3
       Invisible         |       |       |       |     1 ||     1
  Eat: Chunk             |     3 |    18 |    10 |    23 ||    54
Armor: Robe              |    13 |       |       |       ||    13
       Leather armour    |    21 |    41 |    67 |    39 ||   168
       Chain mail        |       |       |       |   188 ||   188
Dodge: Dodged            |    82 |    84 |    98 |   287 ||   551
Block: Buckler           |     7 |    17 |    47 |    10 ||    81
